AoeStats
← AxingQuestions

Arabia

506291330Analyzed
1v1 RM · 18d ago on Sep 13, 2026· 41m 47s· 2 players
Game mode
Random Map
Map size
Tiny (2 player)
Population
200
Speed
Normal
Resources
Standard
Victory
Conquest
Starting age
Dark Age
Ending age
Imperial Age
RankedLock teamsTeams togetherTeam positionsShared explorationLock speedFull tech treeHidden civsTurbo modeCheats
Victory
Defeat
🇺🇸 Mongols · United States
1243
+16
🇺🇸 Bohemians · United States
1249
-16
teutonic30
8:33 Feudal Age
7:36 Loom
13:54 Double-Bit Axe
19:20 Castle Age
17:28 Horse Collar
18:50 Scale Barding Armor
19:31 Forging
19:23 Gold Mining
19:41 Light Cavalry
24:23 Gold Shaft Mining
25:40 Bow Saw
27:43 Bloodlines
37:59 Imperial Age
36:16 Husbandry
36:36 Fletching
37:27 Bodkin Arrow
37:48 Stone Mining
39:22 Wheelbarrow
40:56 Conscription
AxingQuestions
9:17 Loom
11:03 Feudal Age
15:58 Castle Age
15:43 Double-Bit Axe
15:42 Horse Collar
19:25 Wheelbarrow
19:36 Fletching
22:14 Bow Saw
25:33 Pikeman
26:54 Light Cavalry
30:13 Bodkin Arrow
38:48 Imperial Age
38:21 Forging
39:05 Hand Cart
41:03 Conscription
Connection lost

Rejoining the realm…

Still unreachable

The connection could not be restored.

Session expired

The server has moved on; the page needs a fresh start.